 Dungeon Crawl Stone Soup version 0.20-a0-1089-g3fde505 (webtiles) character file.

252 Alarkh the Chopper (level 5, 33/41 HPs)
             Began as a Demonspawn Berserker on May 3, 2017.
             Was a Believer of Trog.
             Got out of the dungeon alive.
             The game lasted 00:02:26 (2689 turns).

Alarkh the Chopper (Demonspawn Berserker)           Turns: 2689, Time: 00:02:27

Health: 33/41      AC:  3    Str: 17    XL:     5   Next: 89%
Magic:  5/5        EV: 12    Int: 10    God:    Trog [**....]
Gold:   166        SH:  0    Dex: 12    Spells: 4/4 levels left

rFire    . . .     SeeInvis .   r - +0 war axe
rCold    . . .     Gourm    .   (no shield)
rNeg     . . .     Faith    .   b - +0 animal skin
rPois    +         Spirit   +   (helmet restricted)
rElec    .         Reflect  .   (no cloak)
rCorr    .         Harm     .   (no gloves)
MR       .....                  i - +0 pair of boots
Stlth    +.........             (no amulet)
Regen    0.2/turn               j - ring of poison resistance
MPRegen  0.1/turn               (no ring)

@: no status effects
A: horns 1, magic shield, sturdy frame 1
a: Berserk, Trog's Hand, Burn Spellbooks, Renounce Religion


You escaped.
You worshipped Trog.
Trog was pleased with you.
You were not hungry.

You visited 1 branch of the dungeon, and saw 3 of its levels.

You collected 166 gold pieces.

Inventory:

Hand Weapons
 a - a +0 hand axe
 r - a +0 war axe (weapon)
Armour
 b - a +0 animal skin (worn)
 i - a +0 pair of boots (worn)
 n - a +0 helmet
Jewellery
 j - a ring of poison resistance (left hand)
 m - an uncursed amulet of harm
Scrolls
 d - a scroll of amnesia {unknown}
 e - a scroll of identify
 k - a scroll of remove curse {unknown}
 p - 3 scrolls of teleportation {unknown}
 q - a scroll of fear {unknown}
 u - a scroll of enchant armour {unknown}
Potions
 g - a potion of curing
 h - 2 potions of heal wounds
 o - 2 potions of flight
Comestibles
 c - a bread ration
 f - 3 meat rations
 l - 2 royal jellies
 s - 5 chunks of flesh
 t - 3 fruits


   Skills:
 - Level 3.0 Fighting
 + Level 6.1 Axes
 - Level 1.7 Armour
 - Level 1.7 Dodging


You had 4 spell levels left.
You didn't know any spells.

Dungeon Overview and Level Annotations

Branches:
Dungeon (3/15)

Altars:


Innate Abilities, Weirdness & Mutations

You have a pair of small horns on your head.
When hurt, damage is shared between your health and your magic reserves.
Your movements are slightly less encumbered by armour. (ER -2)


Message History

You see here a club.
You recover from your berserk rage.
You see here a frilled lizard skeleton.
There is an open door here.
There is a stone staircase leading down here.
There is a stone staircase leading up here.
You climb upwards.
There is a stone staircase leading down here.
Eating one of 6 chunks of flesh.
You eat one of the 6 chunks of flesh.
This raw flesh tastes terrible.
You see here a club.
There is an open door here.
You open the door.
There is an open door here.
There is a stone staircase leading up here.
You climb upwards.
There is a stone staircase leading down here.
There is a staircase leading out of the dungeon here.
Are you sure you want to leave the Dungeon?
This will make you lose the game!
You have escaped!

#............#..#.#.######..
######.................#....# #..
...(.....###............).#.###.#
########.###.....>....##.........
# ##.####....#####.#..#.#### #
##...#######...##....#### #
###...###...####........ #
##....(..##........... #
###.@.####.##........ #
##.......##......#.... #
###...###...###...##.... #
##...### ###...##......>. #
##.#### ####.#........ # #.##
##..####### # #.# ####....รท. #
##.# #...... # #..# #......


There were no monsters in sight!

Vanquished Creatures
  The ghost of Alarkh the Chopper, an amateur DsMo (D:3)
  An orc priest (D:3)
  3 adders (D:2)
  3 oozes
  A worm (D:2)
  A dart slug (D:2)
  A leopard gecko (D:2)
  5 orcs (D:3)
  4 goblins
  4 hobgoblins
  2 jackals (D:1)
  3 kobolds
  A ball python (D:1)
  9 bats
  5 frilled lizards
  6 rats
50 creatures vanquished.

Notes
Turn   | Place    | Note
-------+----------+-------------------------------------------
     0 | D:1      | Alarkh the Demonspawn Berserker began the quest for the Orb.
     0 | D:1      | Reached XP level 1. HP: 18/18 MP: 1/1
    19 | D:1      | Reached skill level 3 in Axes
   320 | D:1      | Gained mutation: Your movements are slightly less encumbered by armour. (ER -2) [demonic ancestry]
   320 | D:1      | Reached XP level 2. HP: 24/24 MP: 2/2
   822 | D:2      | You fall through a shaft!
   867 | D:3      | Reached skill level 4 in Axes
   867 | D:3      | Gained mutation: You have a pair of small horns on your head. [demonic ancestry]
   867 | D:3      | Reached XP level 3. HP: 25/29 MP: 3/3
  1199 | D:2      | Reached XP level 4. HP: 35/35 MP: 4/4
  1579 | D:2      | Reached ** piety under Trog
  2301 | D:3      | Reached skill level 5 in Axes
  2483 | D:3      | Noticed Alarkh's ghost (amateur DsMo)
  2499 | D:3      | Killed Alarkh's ghost
  2499 | D:3      | Reached skill level 6 in Axes
  2499 | D:3      | Gained mutation: When hurt, damage is shared between your health and your magic reserves. [demonic ancestry]
  2499 | D:3      | Reached XP level 5. HP: 11/41 MP: 5/5
  2689 | D:$      | Got out of the dungeon alive.

Vault maps used:
D:1:      dpeg_arrival_simpleton_a
D:3:      first_bread, corexii_leaking_fountain, minmay_box_of_dots,
          uniq_terence

Skill      XL: |  1  2  3  4 |
---------------+-------------+-----
Axes           | 3 4 6 |  6.1
Fighting       | |  3.0
Armour         | |  1.7
Dodging        | |  1.7

Action                   |  1- 3 |  4- 6 || total
-------------------------+-------+-------++-------
Melee: Hand axe          |    53 |       ||    53
       War axe           |    12 |    53 ||    65
       Headbutt          |     2 |     9 ||    11
Invok: Berserk           |     2 |     2 ||     4
  Use: Scroll            |     2 |     1 ||     3
 Stab: Sleeping          |       |     2 ||     2
  Eat: Chunk             |     2 |     8 ||    10
Armor: Animal skin       |    22 |    10 ||    32
Dodge: Dodged            |    34 |    28 ||    62
